 Dungeon Crawl Stone Soup version 0.22.1-1-ga44c0e5 (webtiles) character file.

420 Fang the Chopper (level 6, -1/39 HPs)
             Began as a Gargoyle Berserker on Oct 12, 2018.
             Was a Priest of Trog.
             Slain by a gnoll (5 damage)
             ... on level 4 of the Dungeon on Oct 15, 2018.
             The game lasted 00:04:40 (4210 turns).

Fang the Chopper (Gargoyle Berserker)               Turns: 4210, Time: 00:04:41

Health: -1/39      AC:  6    Str: 23    XL:     6   Next: 94%
Magic:  6/6        EV: 12    Int:  7    God:    Trog [***...]
Gold:   235        SH:  0    Dex:  9    Spells: 5/5 levels left

rFire    . . .     SeeInvis .   a - +0 hand axe
rCold    . . .     Gourm    .   (no shield)
rNeg     + . .     Faith    .   b - +0 animal skin
rPois    ∞         Spirit   .   (no helmet)
rElec    +         Reflect  .   (no cloak)
rCorr    .         Harm     .   (no gloves)
MR       +....                  (no boots)
Stlth    ++........             (no amulet)
HPRegen  0.13/turn              x - ring of protection from magic
MPRegen  0.10/turn              (no ring)

@: berserk cooldown, slowed, very slow
A: negative energy resistance 1, electricity resistance, unbreathing,
petrification resistance, rot immunity, AC +4
a: Berserk, Trog's Hand, Renounce Religion


You were on level 4 of the Dungeon.
You worshipped Trog.
Trog was most pleased with you.
You were near starving.

You visited 1 branch of the dungeon, and saw 5 of its levels.

You collected 235 gold pieces.

Inventory:

Hand Weapons
 a - a +0 hand axe (weapon)
Armour
 b - a +0 animal skin (worn)
Jewellery
 x - a ring of protection from magic (left hand)
Wands
 s - a wand of acid (8)
 t - a wand of random effects (13)
Scrolls
 f - 2 scrolls of identify {unknown}
 j - 2 scrolls of fear {unknown}
 k - 2 scrolls of enchant armour {unknown}
 l - a scroll of random uselessness {unknown}
 n - 2 scrolls of teleportation {unknown}
 o - a scroll of noise {unknown}
 q - 2 scrolls of magic mapping {unknown}
 r - a scroll of immolation {unknown}
 u - a scroll of blinking {unknown}
 w - a scroll of amnesia {unknown}
Potions
 d - a potion of flight {unknown}
 e - 2 potions of curing {unknown}
 g - 2 potions of heal wounds {unknown}
 h - 2 potions of mutation {unknown}
 i - 3 potions of lignification {unknown}
 m - a potion of might {unknown}
 p - a potion of ambrosia {unknown}
 v - a potion of berserk rage {unknown}
Comestibles
 c - 8 rations


   Skills:
 + Level 4.7 Fighting
 + Level 5.2 Axes
 + Level 2.4 Armour
 + Level 2.9 Dodging
 + Level 1.9 Stealth


You had 5 spell levels left.
You didn't know any spells.
Your spell library was empty.

Dungeon Overview and Level Annotations

Branches:
Dungeon (5/15)
 Temple: D:4-7

Altars:
Ashenzari
Fedhas
Kikubaaqudgha
Makhleb
Okawaru
Sif Muna
Zin

Shops:
D:4 %


Innate Abilities, Weirdness & Mutations

You are resistant to torment.
Your stone body is resilient. (AC +4)
You are immune to poison.
You resist negative energy. (rN+)
You are resistant to electric shocks. (rElec)
You can survive without breathing.
You are immune to petrification.
You are immune to rotting.


Message History

The gnoll hits you from afar with a spear.
* * * LOW HITPOINT WARNING * * *
The adder bites you.
* * * LOW HITPOINT WARNING * * *
There is a stone staircase leading up here.
The gnoll hits you.
* * * LOW HITPOINT WARNING * * *
The crimson imp closely misses you. The adder bites you but does no damage.
The gnoll hits you but does no damage. The gnoll closely misses you.
The crimson imp completely misses you. The gnoll hits you.
* * * LOW HITPOINT WARNING * * *
The adder barely misses you.
You climb upwards.
There is a stone staircase leading down here.
You hit the gnoll.
The gnoll is moderately wounded.
You hit the gnoll. The gnoll hits you with a club.
* * * LOW HITPOINT WARNING * * *
The gnoll hits you.
You die...

#.....########### ###
#...............# #..
####...............###..
##.......................
#....####...........###..
#....# #...........# #..
#######....# ############# #..
#..........#
##################
##.#########
#@g............... #.#
#.######g###.##########.. #.#
#......5S..#.# #.. #.#
#.######.#.#.# ### #.#
#.....##.#.#.#
#.########.##.#.#.#
#..........##.#.#.############
#########...(.................
#...##################


You could see 2 gnolls, a crimson imp and an adder.

Vanquished Creatures
  A phantom (D:4)
  A scorpion (D:4)
  A hound (D:4)
  2 orc priests (D:4)
  An orc wizard (D:4)
  A worker ant (D:4)
  5 adders
  2 oozes
  3 dart slugs
  3 leopard geckos
  3 orcs
  6 bats
  A bat zombie (D:2)
  7 giant cockroaches
  11 goblins
  10 hobgoblins
  4 jackals
  8 kobolds
  4 frilled lizards
  A quokka zombie (D:5)
  10 rats
  2 rat zombies (D:2)
87 creatures vanquished.

Notes
Turn   | Place    | Note
-------+----------+-------------------------------------------
     0 | D:1      | Fang the Gargoyle Berserker began the quest for the Orb.
     0 | D:1      | Reached XP level 1. HP: 14/14 MP: 1/1
   231 | D:1      | Reached XP level 2. HP: 19/19 MP: 2/2
   240 | D:1      | Reached skill level 3 in Axes
   455 | D:1      | Reached XP level 3. HP: 20/24 MP: 3/3
   478 | D:1      | Reached ** piety under Trog
  1013 | D:2      | Found a blossoming altar of Fedhas.
  1019 | D:2      | Found a shattered altar of Ashenzari.
  1297 | D:2      | Found an iron altar of Okawaru.
  1452 | D:2      | Reached XP level 4. HP: 29/29 MP: 4/4
  1502 | D:2      | Found an ancient bone altar of Kikubaaqudgha.
  1628 | D:2      | Found a deep blue altar of Sif Muna.
  2355 | D:3      | Found a glowing silver altar of Zin.
  2376 | D:3      | Found a burning altar of Makhleb.
  2427 | D:3      | Reached *** piety under Trog
  2928 | D:4      | Reached XP level 5. HP: 33/33 MP: 5/5
  2958 | D:4      | Found Kuewnosi's Food Boutique.
  2965 | D:4      | Reached skill level 4 in Axes
  2983 | D:4      | Reached skill level 1 in Stealth
  3385 | D:4      | Noticed a phantom
  3400 | D:4      | Killed a phantom
  3400 | D:4      | Reached XP level 6. HP: 39/39 MP: 6/6
  3776 | D:4      | Reached skill level 5 in Axes
  4197 | D:5      | Entered Level 5 of the Dungeon
  4210 | D:4      | Slain by a gnoll

Skill      XL: |  1  2  3  4  5  6 |
---------------+-------------------+-----
Axes           | 3 4 5 |  5.2
Fighting       | 4 |  4.7
Dodging        | 2 |  2.9
Stealth        | 1 |  1.9
Armour         | |  2.4

Action                   |  1- 3 |  4- 6 || total
-------------------------+-------+-------++-------
Melee: Hand axe          |   121 |   172 ||   293
Invok: Berserk           |     1 |     3 ||     4
 Stab: Sleeping          |       |     2 ||     2
  Eat: Chunk             |     3 |     6 ||     9
       Ration            |       |     1 ||     1
Armor: Animal skin       |    38 |    72 ||   110
Dodge: Dodged            |    82 |   143 ||   225
